 Dungeon Sprint DCSS version 0.31-a0-656-gb4d89c20fa (webtiles) character file.

Game seed: 8775976839444301808

148 rocky1 the Ruffian (level 5, -7/40 HPs)
             Began as a Djinni Shapeshifter on Aug 31, 2023.
             Was an Initiate of Gozag.
             Mangled by a two-headed ogre
             ... wielding a +0 giant club
              (22 damage)
             ... in the Dungeon (Sprint IX: "|||||||||||||||||||||||||||||").
             The game lasted 00:00:54 (878 turns).

rocky1 the Ruffian (Djinni Shapeshifter)             Turns: 878, Time: 00:00:55

Health: -7/40      AC:  2    Str: 15    XL:     5   Next: 56%
Gold:   0          EV: 13    Int: 12    God:    Gozag SH:  0 Dex: 12

rFire   + +          .
                       - Unarmed
rCold   x . .        (no shield)
rNeg    . . .        a - +0 animal skin
rPois   ∞            (helmet currently unavailable)
rElec   .            (cloak currently unavailable)
rCorr   .            (gloves currently unavailable)
SInv    .            (boots unavailable)
Will    .....        (no amulet)
Stlth   +            (no ring)
HPRegen 0.26/turn    (no ring)
MPRegen 0.00/turn

%: no teleportation, infuse magic (-8 HP)
@: beast-form, flying
A: beast (slay +3), flying, sickness immunity, fire resistance 2, cold
vulnerability 1, float, innate caster, HP casting, extra vitality 1
a: Begin Untransformation, Renounce Religion, Potion Petition, Call Merchant,
Bribe Branch


You were in the Dungeon.
You worshipped Gozag.
Gozag was noncommittal.
You were a hulking beast.
You visited 1 branch

Inventory:

Armour
 a - a +0 animal skin (worn)
Jewellery
 k - a +2 ring of protection
 l - a +3 ring of dexterity
Talismans
 c - a beast talisman (active)
 d - a flux talisman
Wands
 j - a wand of acid (10)
Scrolls
 i - 2 scrolls of blinking
Potions
 b - a potion of lignification
 e - 5 potions of curing
 f - 3 potions of heal wounds
 g - a potion of haste
 h - a potion of invisibility


   Skills:
 * Level 3.0 Fighting
 + Level 3.7 Dodging
 * Level 7.6 Unarmed Combat
 * Level 5.8 Shapeshifting


You knew the following spells:

 Your Spells              Type           Power      Damage    Failure   Level
a - Summon Small Mammal   Summ           0%         N/A       32%         1
b - Lesser Beckoning      Tloc           0%         N/A       45%         2
Your spell library was empty.

Dungeon Overview and Level Annotations

Branches:
Dungeon (1/1)

Altars:
Cheibriados
Dithmenos
Elyvilon
Fedhas
Gozag
Hepliaklqana
Makhleb
Nemelex Xobeh
Okawaru
Qazlal
Ru
Trog
Uskayaw
Wu Jian
Xom
Yredelemnul
Zin
The Shining One
Jiyva
Lugonu


Innate Abilities, Weirdness & Mutations

You are a hulking beast.
Your limbs bulge with bestial killing power. (Slay +3)
You are flying.
You are immune to sickness and miasma.
You are immune to poison.
Your flesh is very heat resistant. (rF++)
You are vulnerable to cold. (rC-)
You float through the air rather than walking.
You learn spells naturally, not from books.
Your magical power is your life essence.
You have superior vitality. (+4 MHP)


Message History

There is a bloodstained altar of Trog here.
There is a hide-covered altar of Uskayaw here.
There is a radiant altar of Vehumet here.
There is an ornate altar of the Wu Jian Council here.
There is a shimmering altar of Xom here.
There is a basalt altar of Yredelemnul here.
There is a glowing silver altar of Zin here.
There is a glowing golden altar of the Shining One here.
You reach down and open the door.
Found five items.
Found a +1 scale mail.
There is an open door here.
Found a +2 ring of protection.
h - a potion of invisibility;
f - 3 potions of heal wounds (gained 2)
e - 5 potions of curing (gained 4)
You see here 2 potions of magic.
Found a +3 ring of dexterity.
i - 2 scrolls of blinking (gained 1)
You see here 2 scrolls of amnesia.
j - a wand of acid (10)
Items here: )))))).
You see here a +0 pair of gloves.
You see here a +0 cloak.
You see here a +1 scale mail.
k - a +2 ring of protection
l - a +3 ring of dexterity You reach down and open the door.
A two-headed ogre, an acid dragon, a wight, a yak, a howler monkey and a centaur come into view.
The two-headed ogre shouts in stereo!
The acid dragon roars!
The centaur shouts!
The yak snorts and paws the ground.
The howler monkey howls!
You hit the two-headed ogre.
The two-headed ogre is lightly wounded.
The two-headed ogre hits you with a +0 giant club!!
Ouch! That really hurt!
The two-headed ogre hits you with a +0 giant club!!
Ouch! That really hurt!
You die...
Your body crumbles into a pile of gold.

▓!▓
▓?▓
▓)▓
▓.▓
▓[▓
▓[▓
▓[▓
▓.▓
▓h▓
▓O▓
▓D▓
▓z▓
▓.▓
▓Y▓
▓h▓
▓c▓


You could see a two-headed ogre, a yak, an acid dragon, a centaur, a howler
monkey and a wight.

Vanquished Creatures
  A centaur (D)
  A jelly (D)
  A sleepcap (D)
  2 dart slugs (D)
  A ball python (D)
  2 goblins (D)
  A hobgoblin (D)
  A kobold (D)
10 creatures vanquished.

Notes
Turn   | Place    | Note
-------+----------+-------------------------------------------
     0 | D        | rocky1 the Djinni Shapeshifter began the quest for the Orb.
     0 | D        | Reached XP level 1. HP: 17/17 MP: 0/0
    18 | D        | Reached XP level 2. HP: 11/22 MP: 0/0
   169 | D        | Noticed a centaur
   175 | D        | HP: 1/33 [centaur (5)]
   176 | D        | Killed a centaur
   177 | D        | Reached skill level 6 in Unarmed Combat
   177 | D        | Reached skill level 5 in Shapeshifting
   177 | D        | Reached XP level 3. HP: 2/28 MP: 0/0
   177 | D        | Learned a level 1 spell: Summon Small Mammal
   177 | D        | Reached XP level 4. HP: 2/33 MP: 0/0
   547 | D        | Reached skill level 7 in Unarmed Combat
   547 | D        | Reached XP level 5. HP: 31/39 MP: 0/0
   547 | D        | Learned a level 2 spell: Lesser Beckoning
   834 | D        | Found a snail-covered altar of Cheibriados.
   834 | D        | Found a shadowy altar of Dithmenos.
   834 | D        | Found a white marble altar of Elyvilon.
   834 | D        | Found a blossoming altar of Fedhas.
   834 | D        | Found an opulent altar of Gozag.
   835 | D        | Found a hazy altar of Hepliaklqana.
   836 | D        | Found a viscous altar of Jiyva.
   838 | D        | Found a corrupted altar of Lugonu.
   839 | D        | Found a burning altar of Makhleb.
   840 | D        | Found a sparkling altar of Nemelex Xobeh.
   841 | D        | Found an iron altar of Okawaru.
   842 | D        | Became a worshipper of Gozag Ym Sagoz the Greedy
   843 | D        | Found a stormy altar of Qazlal.
   844 | D        | Found a sacrificial altar of Ru.
   846 | D        | Found a bloodstained altar of Trog.
   847 | D        | Found a hide-covered altar of Uskayaw.
   849 | D        | Found an ornate altar of the Wu Jian Council.
   850 | D        | Found a shimmering altar of Xom.
   851 | D        | Found a basalt altar of Yredelemnul.
   852 | D        | Found a glowing silver altar of Zin.
   853 | D        | Found a glowing golden altar of the Shining One.
   877 | D        | Noticed a two-headed ogre
   877 | D        | Noticed an acid dragon
   877 | D        | Noticed a yak
   877 | D        | Noticed a centaur
   878 | D        | Mangled by a two-headed ogre

Illustrated notes

Levels and vault maps discovered:
D:        linesprint [early_d, line_temple, items_1, d_10, items_2, lair_1,
          lair_end, items_3, orc_1, orc_end, items_4, d_15, swamp_1, shoals_1,
          snake_1, spider_1, d_20, vaults_1, items_5, swamp_end, shoals_end,
          snake_end, spider_end, vaults_end, d_27, items_6, zot_1, zot_end,
          crypt_end, forest_end, elf_end, slime_end, tomb_end, abyss_end,
          pan_hell_end]

Skill      XL: |  1  2  3  4  5 |
---------------+----------------+-----
Shapeshifting  | 3 5 |  5.8
Fighting       | 2 3 |  3.0
Dodging        | 3 |  3.7
Unarmed Combat | 6 7 |  7.6

Action                     |  1- 3 |  4- 6 || total
---------------------------+-------+-------++-------
  Melee: Unarmed           |    19 |    11 ||    30
         Punch             |     1 |     1 ||     2
    Use: Potion            |     1 |       ||     1
  Dodge: Dodged            |    14 |     1 ||    15

Table legend: (Time is in decaauts)
 A = Elapsed time spent in this place.
 B = Non-inter-level travel time spent in this place.
 C = Inter-level travel time spent in this place.
 D = Time resting spent in this place.
 E = Time spent auto-exploring this place.
 F = Levels seen in this place.
 G = Mean time per level.
                   A        B        C        D        E       F      G
               +--------+--------+--------+--------+--------+-----+--------+
         Total |    887 |    887 |      0 |    797 |      0 |   1 |  887.0 |
       Dungeon |    887 |    887 |      0 |    797 |      0 |   1 |  887.0 |
               +--------+--------+--------+--------+--------+-----+--------+

Top non-repeatable levels by time:
       D: 887 daAuts
